 Dungeon Crawl Stone Soup version 0.26.0-45-g9c1d065592 (webtiles) character file.

Game seed: 17517613004920471999

550 Sliveroverlord the Chopper (level 7, -5/64 HPs)
             Began as a Minotaur Berserker on Jan 28, 2021.
             Was a Priest of Trog.
             Killed by divine providence
             ... invoked by an orc priest
              (12 damage)
             ... on level 4 of the Dungeon.
             The game lasted 00:16:54 (2960 turns).

Sliveroverlord the Chopper (Minotaur Berserker)     Turns: 2960, Time: 00:16:55

Health: -5/64      AC:  7    Str: 24    XL:     7   Next: 7%
Magic:  6/6        EV: 11    Int:  4    God:    Trog [***...]
Gold:   120        SH:  0    Dex:  9    Spells: 6/6 levels left

rFire    . . .     SeeInvis .   a - +0 hand axe
rCold    . . .     Faith    .   (no shield)
rNeg     . . .     Spirit   .   l - +0 scale mail
rPois    .         Reflect  .   (helmet restricted)
rElec    .         Harm     .   (no cloak)
rCorr    .         Rampage  .   (no gloves)
Will     .....                  (no boots)
Stlth    ..........             (no amulet)
HPRegen  0.20/turn              (no ring)
MPRegen  0.10/turn              (no ring)

@: hasted, very quick
A: retaliatory headbutt, horns 2
a: Renounce Religion, Berserk, Trog's Hand


You were on level 4 of the Dungeon.
You worshipped Trog.
Trog was most pleased with you.
You visited 1 branch of the dungeon, and saw 4 of its levels.

You collected 120 gold pieces.

Inventory:

Hand Weapons
 a - a +0 hand axe (weapon)
 n - a +0 scythe
Missiles
 p - 9 poisoned darts
 q - a throwing net
Armour
 l - a +0 scale mail (worn)
Jewellery
 c - an uncursed ring of positive energy {unknown}
 o - an uncursed amulet of the acrobat
Scrolls
 e - a scroll of magic mapping {unknown}
 f - a scroll of identify {unknown}
 g - 2 scrolls of teleportation {unknown}
 j - a scroll of random uselessness {unknown}
Potions
 b - a potion of attraction {unknown}
 h - a potion of might {unknown}
 i - a potion of haste
 k - a potion of cancellation {unknown}
 m - 2 potions of resistance {unknown}
 r - a potion of heal wounds {unknown}


   Skills:
 + Level 6.3 Fighting
 + Level 6.4 Axes
 + Level 5.5 Armour
 - Level 2.2 Dodging


You had 6 spell levels left.
You didn't know any spells.
Your spell library was empty.

Dungeon Overview and Level Annotations

Branches:
Dungeon (4/15)
 Temple: D:4-7

Altars:


Innate Abilities, Weirdness & Mutations

You reflexively headbutt those who attack you in melee.
You have a pair of horns on your head.


Message History

You are too injured to fight recklessly!
You feel better.
The orc priest hits you with a cursed -3 club.
The orc priest calls down the wrath of Beogh upon you.
Pain shoots through your body!
You are too injured to fight recklessly!
You are too injured to fight recklessly!
You are too injured to fight recklessly!
You are too injured to fight recklessly!
You are too injured to fight recklessly!
The orc priest calls down the wrath of Beogh upon you.
Beogh smites you!
* * * LOW HITPOINT WARNING * * *
You feel yourself speed up.
The orc priest mumbles some strange prayers to Beogh against you.
Pain shoots through your body!
* * * LOW HITPOINT WARNING * * *
The orc priest mumbles some strange prayers to Beogh against you.
Beogh smites you!
You die...

#.##...........##....#
.....
#.####.###.###.....#.#####.
.. #.# #.# #.#
#............ #.# #.# #.#
#.......#...# #.# #.###.##
#............ #.#
#..##..###....†..#....
##..##.##........o)...
##.##.##...o...#####.
#.......@.....#
......<##.##.###.###
.....#.##.##.# ..#
.....#.##.#.....## ....
#..#...#.## .... ##..#.. ..
... #.#.. [.. .#.. ...


You could see 2 orc priests.

Vanquished Creatures
  Sigmund (D:3)
  An ogre (D:4)
  A jelly (D:2)
  2 orc priests (D:3)
  A worker ant (D:4)
  Robin (D:2)
  8 adders
  An ooze (D:1)
  A worm (D:2)
  A dart slug (D:1)
  2 leopard geckos
  11 orcs
  3 giant cockroaches
  12 goblins
  17 hobgoblins
  7 jackals
  5 kobolds
  A quokka (D:3)
  3 bats
  8 frilled lizards
  7 rats
94 creatures vanquished.

Notes
Turn   | Place    | Note
-------+----------+-------------------------------------------
     0 | D:1      | Sliveroverlord the Minotaur Berserker began the quest for
                  | the Orb.
     0 | D:1      | Reached XP level 1. HP: 19/19 MP: 0/0
   241 | D:1      | Reached XP level 2. HP: 27/27 MP: 1/1
   783 | D:1      | Reached XP level 3. HP: 33/33 MP: 2/2
   979 | D:2      | Reached XP level 4. HP: 41/41 MP: 3/3
   991 | D:2      | Reached ** piety under Trog
   991 | D:2      | Noticed Robin
  1005 | D:2      | Killed Robin
  1300 | D:2      | Reached skill level 5 in Axes
  1564 | D:3      | Reached XP level 5. HP: 41/47 MP: 4/4
  1567 | D:3      | Reached skill level 5 in Fighting
  1683 | D:3      | Noticed Sigmund
  1947 | D:3      | Killed Sigmund
  1948 | D:3      | Reached XP level 6. HP: 48/57 MP: 5/5
  2091 | D:3      | Reached skill level 5 in Armour
  2398 | D:3      | Reached *** piety under Trog
  2806 | D:4      | Reached XP level 7. HP: 53/63 MP: 6/6
  2960 | D:4      | Killed from afar by an orc priest

Illustrated notes

Levels and vault maps discovered:
D:1:      minmay_arrival_diagonal_passages, layout_loops_ring
D:2:      layout_rooms, uniq_robin
D:3:      layout_basic, uniq_sigmund
D:4:      layout_rooms, nicolae_ossuary_entry_plus, moated_statue

Skill      XL: |  1  2  3  4  5  6 |
---------------+-------------------+-----
Axes           | 4 5 6 |  6.4
Fighting       | 4 5 6 |  6.3
Armour         | 3 4 5 |  5.5
Dodging        | |  2.2

Action                   |  1- 3 |  4- 6 |  7- 9 || total
-------------------------+-------+-------+-------++-------
Melee: Hand axe          |    50 |   126 |    10 ||   186
       Headbutt          |     6 |    19 |     2 ||    27
Invok: Berserk           |       |     1 |       ||     1
  Use: Potion            |       |     2 |     2 ||     4
Armor: Scale mail        |    15 |    50 |     3 ||    68
Dodge: Dodged            |    19 |    58 |    10 ||    87
